 Dungeon Crawl Stone Soup version 0.31-a0-1118-gbca3d03946 (webtiles) character file.

Game seed: 4610290352556613232

823 gruber the Skirmisher (level 8, 0/66 HPs)
             Began as a Kobold Hunter on Dec 4, 2023.
             Slain by a kobold brigand
             ... wielding a +0 club
              (4 damage)
             ... on level 6 of the Dungeon.
             The game lasted 00:05:29 (5634 turns).

gruber the Skirmisher (Kobold Hunter)               Turns: 5634, Time: 00:05:30

Health: 0/66       AC: 24    Str:  8    XL:     8   Next: 17%
Magic:  23/23      EV:  3    Int: 11    God:
Gold:   274        SH:  0    Dex: 20    Spells: 7/7 levels left

rFire   . . .        (weapon restricted)
rCold   . . .        (no shield)
rNeg    . . .        c - melded +0 leather armour
rPois   +            u - melded +0 helmet
rElec   .            (cloak currently unavailable)
rCorr   .            h - melded +2 pair of gloves
SInv    .            (boots currently unavailable)
Will    .....        t
                       - Hermit's Pendant {Faith Invo=14 Evo=0 MP+5}
Stlth   +++          (no ring)
HPRegen 0.31/turn    (no ring)
MPRegen 0.18/turn

%: faith
@: mighty, tree-form (expiring)
A: stationary, stasis, torment immunity, boosted hp, small, no large weapons,
nightstalker 3
a: no special abilities


You were on level 6 of the Dungeon.
You were a tree.
You visited 2 branches of the dungeon, and saw 7 of its levels.

You collected 274 gold pieces.

Inventory:

Hand Weapons
 a - a +0 shortbow
Armour
 c - a +0 leather armour (melded)
 h - a +2 pair of gloves (melded)
 u - a +0 helmet (melded)
Jewellery
 t - the Hermit's Pendant (around neck) {Faith Invo=14 Evo=0 MP+5}
   (You found it on level 4 of the Dungeon)

   [amulet of faith]

   Invo=14: It sets your Invocations skill to 14.
   Evo=0: It sets your Evocations skill to 0.
   Faith:     It allows you to gain divine favour quickly.
   MP+5:      It affects your magic capacity (+5).
Wands
 p - a wand of flame (29)
 w - a wand of iceblast (13)
Scrolls
 b - a scroll of butterflies
 d - a scroll of torment {unknown}
 g - 3 scrolls of teleportation {unknown}
 j - a scroll of fog {unknown}
 k - a scroll of vulnerability {unknown}
 n - a scroll of silence {unknown}
 o - a scroll of noise {unknown}
 q - 2 scrolls of identify {unknown}
 s - a scroll of enchant armour {unknown}
 v - a scroll of amnesia {unknown}
 x - a scroll of blinking {unknown}
 y - a scroll of poison {unknown}
Potions
 e - a potion of might
 f - 3 potions of lignification
 i - a potion of ambrosia {unknown}
 l - 2 potions of heal wounds {unknown}
 m - a potion of degeneration {unknown}
 r - a potion of mutation {unknown}


   Skills:
 - Level 2.1 Fighting
 - Level 11.0 Ranged Weapons
 * Level 5.7 Dodging
 - Level 1.3 Stealth


You had 7 spell levels left.
You didn't know any spells.
Your spell library contained the following spells:

 Spells                   Type           Power      Damage    Failure   Level
 Sting                    Tmut/Pois      0%         1d3       34%         1
 Cigotuvi's Dreadful Rot  Necr/Pois/Air  0%         N/A       47%         2
 Lesser Beckoning         Tloc           0%         N/A       47%         2
 Poisonous Vapours        Pois/Air       0%         N/A       47%         2
 Sublimation of Blood     Necr           0%         N/A       47%         2
 Gell's Gravitas          Tloc           0%         N/A       71%         3
 Ignite Poison            Fire/Tmut/Pois 0%         N/A       71%         3
 Teleport Other           Tloc           0%         N/A       71%         3
 Olgreb's Toxic Radiance  Pois           0%         N/A       98%         4
 Petrify                  Tmut/Erth      0%         N/A       98%         4
 Freezing Cloud           Conj/Ice/Air   0%         6-21      100%        5
 Irradiate                Conj/Tmut      0%         3d11      100%        5


Dungeon Overview and Level Annotations

Branches:
Dungeon (6/15)             Temple (1/1) D:4

Altars:
Ashenzari
Cheibriados
Elyvilon
Fedhas
Makhleb
Okawaru
Qazlal
Ru
Sif Muna
Trog
Uskayaw
Vehumet
Wu Jian
Xom
Yredelemnul
The Shining One

Shops:
D:1 :   D:2 (   D:5 *


Innate Abilities, Weirdness & Mutations

You are a tree.
Your roots penetrate the ground, keeping you stationary.
You cannot be teleported.
You are immune to unholy pain and torment.
Your maximum health is greatly increased.
Your equipment is partially melded.
You are small and have problems with some larger weapons.
You are completely attuned to the shadows.


Message History

The kobold brigand completely misses you.
You turn into a tree.
Your +0 helmet melds into your body.
Your +2 pair of gloves melds into your body.
Your +0 leather armour melds into your body.
Your roots penetrate the ground.
The orc priest miscasts a cantrip.
An ice beast comes into view.
The kobold brigand hits you with a +0 club.
* * * LOW HITPOINT WARNING * * *
You are now empty-handed.
The kobold brigand hits you but does no damage.
You completely miss the orc priest. The orc priest hits you with a +0 club.
* * * LOW HITPOINT WARNING * * *
The kobold brigand hits you but does no damage.
You smack the orc priest!
You kill the orc priest!
The kobold brigand hits you with a +0 club.
* * * LOW HITPOINT WARNING * * *
You hit the kobold brigand.
The kobold brigand is moderately wounded.
The kobold brigand hits you with a +0 club.
* * * LOW HITPOINT WARNING * * *
You closely miss the kobold brigand.
The kobold brigand is moderately wounded.
The kobold brigand hits you but does no damage.
You smack the kobold brigand!
The kobold brigand is heavily wounded.
Your transformation is almost over.
The kobold brigand barely misses you.
You hit the kobold brigand.
The kobold brigand is severely wounded.
The kobold brigand hits you with a +0 club.
* * * LOW HITPOINT WARNING * * *
You hit the kobold brigand.
The kobold brigand is severely wounded.
The kobold brigand hits you but does no damage.
You hit the kobold brigand.
The kobold brigand is almost dead.
The kobold brigand hits you with a +0 club.
You die...

###### ..#
#...... #.##.#
#.K)#.K #.##.#
#♣#...#
#.##.######).#
#.##.........#
#.......###..#
#.##.##.# #.#..
##<##.##.#
#...#.
#####.....##..
...##
...#...#####...
..........>.....


You could see a kobold brigand.

Vanquished Creatures
  Sigmund (D:3)
  A centaur (D:6)
  A scorpion (D:3)
  A jelly (D:5)
  2 orc priests
  4 iguanas
  Ijyb (D:3)
  3 orc wizards (D:5)
  Robin (D:3)
  8 adders
  A white imp (D:5)
  2 ufetubi (D:6)
  3 worms
  2 dart slugs (D:3)
  7 orcs
  6 ball pythons
  5 bats
  11 endoplasms
  2 giant cockroaches (D:2)
  15 hobgoblins
  15 jackals
  7 kobolds
  5 quokkas
  A frilled lizard (D:1)
  14 goblins
  3 rats
122 creatures vanquished.

Notes
Turn   | Place    | Note
-------+----------+-------------------------------------------
     0 | D:1      | gruber the Kobold Hunter began the quest for the Orb.
     0 | D:1      | Reached XP level 1. HP: 12/12 MP: 1/1
    77 | D:1      | Reached XP level 2. HP: 17/17 MP: 2/2
   122 | D:1      | Reached skill level 6 in Ranged Weapons
   220 | D:1      | Found Eruzogel's Vocational Training.
   238 | D:1      | Reached XP level 3. HP: 15/21 MP: 3/3
   729 | D:2      | Found Myven's Weapon Boutique.
   878 | D:2      | Found a broken altar of Ashenzari.
   892 | D:2      | Reached skill level 7 in Ranged Weapons
   902 | D:2      | Reached XP level 4. HP: 24/26 MP: 4/4
  1618 | D:3      | Noticed Robin
  1752 | D:3      | Noticed Sigmund
  1781 | D:3      | Noticed Ijyb
  1787 | D:2      | Reached XP level 5. HP: 17/30 MP: 5/5
  1792 | D:2      | Reached skill level 8 in Ranged Weapons
  1965 | D:3      | Killed Robin
  2227 | D:3      | Killed Sigmund
  2228 | D:3      | Reached skill level 9 in Ranged Weapons
  2228 | D:3      | Reached XP level 6. HP: 24/35 MP: 2/6
  2400 | D:3      | Reached skill level 10 in Ranged Weapons
  2577 | D:3      | Reached XP level 7. HP: 39/40 MP: 5/7
  2707 | D:3      | Killed Ijyb
  3221 | D:4      | Found the Hermit's Pendant {Faith Invo=14 Evo=0 MP+5}
  3669 | D:4      | Found a staircase to the Ecumenical Temple.
  3675 | Temple   | Entered the Ecumenical Temple
  3956 | D:5      | Entered Level 5 of the Dungeon
  4138 | D:5      | Reached skill level 11 in Ranged Weapons
  4964 | D:5      | Found Maid's Gadget Gallery.
  5570 | D:6      | Reached XP level 8. HP: 40/44 MP: 18/18
  5609 | D:6      | Reached skill level 5 in Dodging
  5634 | D:6      | Slain by a kobold brigand

Illustrated notes

Levels and vault maps discovered:
D:1:      scummos_arrival_gate, layout_basic, nicolae_shop_vocational
D:2:      layout_loops_ring, serial_shops, nicolae_shop_tiny_waterfront,
          basic_altar, minmay_surrounded
D:3:      layout_basic, st_stairs_1, minivault_19, minmay_joined_circles,
          uniq_sigmund, uniq_robin, uniq_ijyb
D:4:      layout_rooms, temple_statues,
          hangedman_abyss_or_decor_jellyfish_corner,
          hangedman_abyss_or_decor_stabs
D:5:      layout_layer_cave, nicolae_shop_gadgets
D:6:      layout_loops_cross, serial_shops, nicolae_shop_stone,
          minmay_fractal_squares_diagonal_5
Temple:   eino_temple_scatter_basement

Skill      XL: |  1  2  3  4  5  6  7  8 |
---------------+-------------------------+-----
Ranged Weapons | 6 7 9 10 11 | 11.0
Dodging        | 4 5 |  5.7
Fighting       | |  2.1
Stealth        | |  1.3

Action                     |  1- 3 |  4- 6 |  7- 9 || total
---------------------------+-------+-------+-------++-------
  Melee: Unarmed           |       |       |    24 ||    24
         Shortbow          |       |       |     2 ||     2
   Fire: Shortbow          |    79 |   158 |   146 ||   383
  Evoke: Wand              |       |       |     3 ||     3
    Use: Potion            |       |       |     3 ||     3
 Armour: Leather armour    |    20 |    57 |    46 ||   123
         Skin              |       |       |    61 ||    61
  Dodge: Dodged            |    39 |    87 |    88 ||   214

Table legend: (Time is in decaauts)
 A = Elapsed time spent in this place.
 B = Non-inter-level travel time spent in this place.
 C = Inter-level travel time spent in this place.
 D = Time resting spent in this place.
 E = Time spent auto-exploring this place.
 F = Levels seen in this place.
 G = Mean time per level.
                   A        B        C        D        E       F      G
               +--------+--------+--------+--------+--------+-----+--------+
         Total |   5641 |   5403 |    238 |    419 |   4282 |   7 |  805.9 |
       Dungeon |   5639 |   5402 |    237 |    419 |   4282 |   6 |  939.8 |
        Temple |      1 |      0 |      1 |      0 |      0 |   1 |    1.0 |
               +--------+--------+--------+--------+--------+-----+--------+

Top non-repeatable levels by time:
     D:5: 1566 daAuts
     D:3: 1254 daAuts
     D:2: 1254 daAuts
     D:4: 764 daAuts
     D:1: 699 daAuts
     D:6: 100 daAuts
  Temple: 1 daAuts
